 Dungeon Crawl Stone Soup version 0.28-a0-691-gad6df49e81 (webtiles) character file.

Game seed: 10874637340795363373

924555 miscthings the Archmage (level 27, -8/223 (228) HPs)
             Began as a Djinni Conjurer on Oct 21, 2021.
             Was the Champion of Makhleb.
             Killed by divine providence
             ... invoked by a royal mummy
              (13 damage)
             ... on level 3 of the Tomb of the Ancients on Oct 22, 2021.
             The game lasted 04:17:35 (63278 turns).

miscthings the Archmage (Djinni Conjurer)          Turns: 63278, Time: 04:17:36

HP:   -8/223 (228)  AC: 18    Str:  6    XL:     27
Gold: 7343          EV: 16    Int: 36    God:    Makhleb [******] SH:  0 Dex: 27

rFire   + . .      SeeInvis +   S - +8 falchion of Eternity {pain, rF- Int+5 Dex+3 SInv}
rCold   + + .      Faith    .   h - +8 tower shield {AC+3}
rNeg    + + +      Spirit   .   y - +2 leather armour of Nihilism {+Blink rElec rPois rN++}
rPois   ∞          Reflect  +   Q - +2 helmet {Int+3}
rElec   +          Harm     .   X - +1 cloak of Gapox {Fly rC++}
rCorr   +          Rampage  .   s - +2 pair of gloves
Will    +++++                   (boots unavailable)
Stlth   ++........              q - amulet of Ascent {Reflect Regen+ Str+2 Dex+2 SH+5 SInv}
HPRegen 2.47/turn               R - ring of Lugonu's Esteem {rC+ rN+ rCorr SInv}
MPRegen 0.00/turn               c - ring "Husothre" {Will+++ MP+9 Dex+5}

@: flying, held, slowed, glowing, lightly drained, very slow
A: sickness immunity, fire resistance 2, cold vulnerability 1, float, innate
caster, hp casting, extra vitality 1, deformed body, regeneration 1, screaming
1, weak 1, no potion heal 1
}: 10/15 runes: decaying, serpentine, slimy, silver, abyssal, demonic, glowing,
magical, fiery, dark
a: Renounce Religion, Evoke Blink, Minor Destruction, Lesser Servant of Makhleb,
Major Destruction, Greater Servant of Makhleb


You were on level 3 of the Tomb of the Ancients.
You worshipped Makhleb.
Makhleb was exalted by your worship.
You visited 12 branches of the dungeon, and saw 55 of its levels.
You visited Pandemonium 2 times, and saw 38 of its levels.
You visited the Abyss 2 times.
You visited 1 ziggurat, and saw 8 of its levels.
You also visited: Bailey, Gauntlet and Ice Cave.

You collected 10645 gold pieces.
You spent 3302 gold pieces at shops.

Inventory:

Hand Weapons
 M - the +11 demon trident "Lemoroe" {vorpal, *Noise rC+ Int+7 Stlth+}
   (You found it on level 5 of the Pits of Slime)

   It inflicts extra damage upon your enemies.
   Int:       It affects your intelligence (+7).
   rC:        It protects you from cold.
   *Noise:    It may make noises in combat.
   Stlth:     It makes you more stealthy.
 S - the +8 falchion of Eternity (weapon) {pain, rF- Int+5 Dex+3 SInv}
   (You found it on level 13 of the Dungeon)

   In the hands of one skilled in necromantic magic, it inflicts extra damage on
   living creatures.
   Your inability to study Necromancy prevents you from drawing on the full
   power of this weapon.
   Int:       It affects your intelligence (+5).
   Dex:       It affects your dexterity (+3).
   rF:        It makes you vulnerable to fire.
   SInv:      It lets you see invisible.
Missiles
 u - a throwing net
Armour
 h - a +8 tower shield of protection (worn)
 i - the +3 leather armour of Wotax {rPois rF+ rC+}
   (You bought it in a shop on level 4 of the Snake Pit)

   rF:        It protects you from fire.
   rC:        It protects you from cold.
   rPois:     It protects you from poison.
 s - a +2 pair of gloves (worn)
 x - a +2 cloak of willpower
 y - the +2 leather armour of Nihilism (worn) {+Blink rElec rPois rN++}
   (You found it on level 8 of a ziggurat)

   rElec:     It insulates you from electricity.
   rPois:     It protects you from poison.
   rN:        It greatly protects you from negative energy.
   +Blink:    It lets you blink.
 K - the +2 cloak of the Unseen Realm {Drain Regen+ Int+6}
   (You found it in Pandemonium)

   Int:       It affects your intelligence (+6).
   Regen:     It increases your rate of health regeneration.
   Drain:     It drains your maximum health when unequipped.
 L - a +1 kite shield of cold resistance
 O - the +5 ring mail of Lifelessness {Will+ Regen+}
   (You found it on level 5 of the Vaults)

   Regen:     It increases your rate of health regeneration.
   Will:      It increases your willpower.
 P - the +6 leather armour of Valiance {rElec rN+ Dex+2}
   (You bought it in a shop on level 2 of the Orcish Mines)

   Dex:       It affects your dexterity (+2).
   rElec:     It insulates you from electricity.
   rN:        It protects you from negative energy.
 Q - a +2 helmet of intelligence (worn)
 X - the +1 cloak of Gapox (worn) {Fly rC++}
   (You found it on level 3 of the Elven Halls)

   rC:        It greatly protects you from cold.
   Fly:       It grants you flight.
Magical Staves
 T - a staff of cold
 U - a staff of air
 V - a staff of death
Jewellery
 a - the ring of the Princess {rPois Str+4 Dex+6}
   (You found it on level 4 of the Snake Pit)

   [ring of dexterity]

   Str:       It affects your strength (+4).
   Dex:       It affects your dexterity (+6).
   rPois:     It protects you from poison.
 c - the ring "Husothre" (right hand) {Will+++ MP+9 Dex+5}
   (You found it in Pandemonium)

   [ring of magical power]

   Dex:       It affects your dexterity (+5).
   MP:        It affects your magic capacity (+9).
   Will:      It greatly increases your willpower.
 o - the ring of Xagig {+Blink rF++ rC+ SInv Stlth-}
   (You found it in Pandemonium)

   [ring of protection from cold]

   rF:        It greatly protects you from fire.
   rC:        It protects you from cold.
   SInv:      It lets you see invisible.
   +Blink:    It lets you blink.
   Stlth:     It makes you less stealthy.
 q - the amulet of Ascent (around neck) {Reflect Regen+ Str+2 Dex+2 SH+5 SInv}
   (You bought it in a shop on level 4 of the Snake Pit)

   [amulet of reflection]

   It reflects blocked missile attacks.
   Str:       It affects your strength (+2).
   Dex:       It affects your dexterity (+2).
   SInv:      It lets you see invisible.
   Regen:     It increases your rate of health regeneration.
   SH:        It affects your SH (+5).
 R - the ring of Lugonu's Esteem (left hand) {rC+ rN+ rCorr SInv}
   (You found it in a Gauntlet)

   [ring of positive energy]

   rC:        It protects you from cold.
   rN:        It protects you from negative energy.
   SInv:      It lets you see invisible.
   rCorr:     It protects you from acid and corrosion.
Wands
 k - a wand of paralysis (52)
 r - a wand of acid (13)
 t - a wand of iceblast (41)
 A - a wand of charming (35)
 E - a wand of digging (9)
Scrolls
 b - 13 scrolls of magic mapping
 g - 20 scrolls of teleportation
 n - 14 scrolls of fog
 p - 2 scrolls of silence
 D - 12 scrolls of vulnerability
 F - 4 scrolls of holy word
 H - 10 scrolls of immolation
 I - 15 scrolls of fear
 J - 9 scrolls of blinking
 N - a scroll of summoning
Potions
 d - 8 potions of haste
 e - 4 potions of resistance
 f - 5 potions of cancellation
 j - 2 potions of ambrosia
 l - 9 potions of heal wounds
 m - 5 potions of mutation
 w - a potion of invisibility
 z - 26 potions of curing
 C - 11 potions of lignification
 G - 3 potions of attraction
 Z - 6 potions of brilliance
Miscellaneous
 v - a condenser vane (inert)
 B - a phantom mirror
 W - a tin of tremorstones (1/2)
 Y - a box of beasts


   Skills:
 O Level 27 Fighting
 + Level 12.6 Long Blades
 - Level 13.0 Armour
 - Level 21.2 Dodging
 - Level 11.0 Stealth
 - Level 25.0 Shields
 O Level 27 Spellcasting
 - Level 11.2 Evocations


You couldn't memorise any spells.
You knew the following spells:

 Your Spells              Type           Power      Damage    Failure   Level
a - Iskenderun's Mystic   Conj/Tloc      100%       2d19      0%          4
b - Summon Hydra          Summ           63%        N/A       0%          7
c - Haunt                 Necr/Summ      63%        N/A       0%          7
d - Fulminant Prism       Conj/Hex       63%        3d27      0%          4
e - Searing Ray           Conj           100%       2d8       0%          2
f - Beastly Appendage     Tmut           100%       N/A       0%          1
g - Static Discharge      Conj/Air       100%       N/A       0%          2
h - Summon Guardian Gole  Hex/Summ       100%       N/A       0%          3
i - Dragon Form           Tmut           63%        N/A       0%          7
j - Dazzling Flash        Conj/Hex       100%       N/A       0%          3
k - Magic Dart            Conj           100%       1d8       0%          1
l - Death's Door          Necr           63%        N/A       1%          9
m - Frozen Ramparts       Ice            100%       1d12      0%          3
r - Summon Forest         Summ/Tloc      63%        N/A       0%          5
s - Disjunction           Tloc           63%        N/A       1%          8
v - Death Channel         Necr           63%        N/A       0%          6
x - Freezing Cloud        Conj/Ice/Air   63%        6-21      0%          5
z - Infestation           Necr           63%        N/A       1%          8
Your spell library was empty.

Dungeon Overview and Level Annotations

Branches:
Dungeon (15/15)            Temple (1/1) D:4            Lair (6/6) D:9
  Swamp (4/4) Lair:4        Snake (4/4) Lair:2        Slime (5/5) Lair:6
    Orc (2/2) D:10            Elf (3/3) Orc:2        Vaults (5/5) D:13
  Crypt (3/3) Vaults:2       Tomb (3/3) Crypt:3      Depths (4/4) D:15
    Zot (0/5) Depths:4     Bailey (visited)           IceCv (visited)
Gauntlet (visited)

Altars:
Ashenzari
Cheibriados
Dithmenos
Elyvilon
Fedhas
Gozag
Hepliaklqana
Kikubaaqudgha
Makhleb
Nemelex Xobeh
Okawaru
Qazlal
Ru
Sif Muna
Trog
Uskayaw
Vehumet
Wu Jian
Xom
Yredelemnul
Zin
The Shining One

Shops:
D:8 [   D:11 [   D:13 *   D:14 (   Orc:1 *[   Orc:2 :*[(   Elf:2 [   Elf:3 *:[
Snake:4 =![=   Vaults:2 [

Portals:
Hell: Depths:1 Depths:2 Depths:3 Depths:4
Abyss: Depths:2 Depths:3
Pandemonium: Depths:2

Annotations:
D:13 1 runed translucent door
Elf:2 5 runed translucent doors
Tomb:3 Mennas


Innate Abilities, Weirdness & Mutations

You are immune to sickness and miasma.
You are immune to poison.
Your flesh is very heat resistant. (rF++)
You are vulnerable to cold. (rC-)
You float through the air rather than walking.
You learn spells naturally, not from books.
Your magical power is your life essence.
You have superior vitality. (+4 HP)
Armour fits poorly on your strangely shaped body.
Your natural rate of healing is unusually fast.
You occasionally shout uncontrollably at your foes.
You are weak. (Str -2)
Potions are less effective at restoring your health.


Message History

The jiangshi completely resists.
The pyre of ghostly fire engulfs the bennu.
The bennu completely resists.
The pyre of ghostly fire engulfs the royal mummy.
The royal mummy completely resists.
Your extra speed is starting to run out.
The phantasmal warrior gestures at you.
The phantasmal warrior blinks!
A royal mummy comes into view.
Mennas hits you from afar with a +5 trishula of holy wrath!
* * * LOW HITPOINT WARNING * * *
Mennas hits you from afar with a +5 trishula of holy wrath.
* * * LOW HITPOINT WARNING * * *
A revenant comes into view.
A mummy comes into view.
The royal mummy hits you!
* * * LOW HITPOINT WARNING * * *
You feel your intelligence returning.
You cannot blink because you are held in place by your roots.
Your magical effects are unravelling.
You feel magically purged.
You feel less wooden.
The +1 cloak of Gapox {Fly rC++} unmelds from your body.
Your +2 helmet of intelligence unmelds from your body.
Your +2 pair of gloves unmelds from your body.
The +2 leather armour of Nihilism {+Blink rElec rPois rN++} unmelds from your body.
You feel rather light.
You feel clever.
You feel yourself speed up.
You feel yourself slow down.
You feel a little less clever now.
The sentinel's mark upon you fades away.
The death scarab bites you!
* * * LOW HITPOINT WARNING * * *
The death scarab drains your vigour!
You feel yourself slow down. The death scarab closely misses you.
Mennas misses you. Mennas hits you but does no damage.
The revenant conjures spectral mists around you.
The spectral mist engulfs the emperor scorpion but does no damage.
The royal mummy gestures at you while chanting.
Something smites you!
You die...

########
#......#
#......#
#...B$.#
#§§§...#
#†M)@†[#
#W§sMV§#
..^W§M§b4As§.
..$#†W§Ms§#§M..
.. #§Mzs§§# (..
. #§§§§☼§# ..
#§M§§§§# .
M§§§§§§z


You could see 4 royal mummies, Mennas, 4 emperor scorpions, a revenant, a bennu,
2 mummy priests, a skeletal warrior, a jiangshi (summoned), a flayed ghost
(summoned), a shadow wraith (summoned, invisible), a phantasmal warrior
(summoned), a hellwing (summoned), a guardian mummy, a death scarab (summoned)
and a mummy.

Vanquished Creatures
  Gloorx Vloq (Pan)
  Mnoleg (Pan)
  Khufu (Tomb:3)
  Mara (Vaults:2)
  4 pandemonium lords (Pan)
  A juggernaut (Depths:4)
  8 royal mummies
  2 caustic shrikes (Zig:3)
  Vashnia (Snake:4)
  The ghost of Kunuk the Peltast, a veteran MiFi of Okawaru (Depths:4)
  A golden dragon (Zig:6)
  Nikola (Vaults:2)
  A bone dragon (Depths:2)
  8 Brimstone Fiends
  A Tzitzimitl (Pan)
  Mlioglotl (Snake:1)
  5 Ice Fiends (Pan)
  Rupert (Lair:4)
  Jorgrun (Snake:1)
  A Hell Sentinel (Pan)
  8 liches
  5 tentacled monstrosities
  2 titans (Vaults:5)
  2 deep elf blademasters (Elf:3)
  10 acid blobs
  3 searing wretches (Zig:7)
  A quicksilver dragon (Depths:3)
  2 deep elf master archers (Elf:3)
  2 sphinxes
  Gastronok (D:8)
  27 Executioners
  9 tentacled starspawn
  4 tengu reavers
  2 shadow dragons (Depths:4)
  A draconian monk (Depths:4)
  A thorn hunter (Swamp:4)
  Frances (D:13)
  4 ancient champions
  2 storm dragons (Zig:6)
  Donald (Swamp:2)
  7 nagarajas
  15 fire giants
  3 rockslimes (Slime:5)
  2 revenants
  4 azure jellies
  5 frost giants
  2 demonspawn warmongers (Pan)
  The ghost of freelancePsychic the Spry, an adept DEFE of Vehumet (Elf:1)
  The ghost of spiderkeys the Fighter, an adept VSAK of Lugonu (Snake:3)
  Aizul (Snake:2)
  2 iron dragons
  7 deep elf sorcerers (Elf:3)
  7 orc warlords
  27 balrugs
  10 cacodemons (Pan)
  10 vault wardens
  Louise (D:14)
  3 deep elf elementalists (Elf:3)
  2 juggernaut zombies (Depths:2)
  2 caustic shrike zombies (Depths:2)
  2 ghouls (Crypt:2)
  2 draconian stormcallers (Zig:4)
  3 curse skulls
  4 demonspawn corrupters (Pan)
  3 draconian annihilators
  10 quicksilver oozes
  28 very ugly things
  12 ironbound preservers
  5 reapers (Pan)
  17 stone giants
  A caustic shrike skeleton (Depths:2)
  3 war gargoyles
  7 demonspawn blood saints (Pan)
  7 bennus
  7 vampire knights
  Nessos (D:13)
  3 black draconians (Depths:4)
  A juggernaut skeleton (Depths:2)
  16 lorocyprocas
  12 deep elf annihilators
  4 yellow draconians (Depths:4)
  7 deep elf demonologists
  6 bunyips
  16 spark wasps
  14 dire elephants
  A minotaur (Gauntlet)
  2 entropy weavers
  13 demonspawn black suns (Pan)
  A purple draconian (Zig:4)
  A red draconian (Zig:4)
  Snorg (Lair:5)
  14 green deaths (Pan)
  A merfolk impaler (Zig:5)
  9 deep elf death magi
  2 shambling mangroves
  7 ettins
  17 blizzard demons
  4 eleionomae
  8 mummy priests
  Josephine (Orc:1)
  6 fire dragons
  5 jiangshi
  14 vault guards
  5 rakshasas
  9 ironbound thunderhulks
  5 deep elf high priests
  12 yaktaur captains
  3 ice dragons
  29 hydras
  The ghost of mdk the Fighter, a novice OgHu of Okawaru (D:8)
  14 great orbs of eyes
  3 boulder beetles
  11 naga warriors
  3 salamander tyrants
  4 spriggan air magi
  A peacekeeper (Vaults:4)
  The ghost of JustinTrotter the Nimble, a journeyman DEWz of Vehumet (D:13)
  A catoblepas (D:14)
  6 hell beasts
  The ghost of jasper the Carver, a journeyman DsCA of Ignis (D:10)
  9 ironbound frosthearts
  2 ghost crabs (Swamp:4)
  6 two-headed ogres
  14 alligators
  10 anacondas
  16 dancing weapons
  4 death knights
  A merfolk aquamancer (Zig:5)
  17 centaur warriors
  5 shock serpents
  6 tengu warriors
  8 deep troll earth magi
  61 death scarabs
  3 deep troll shamans
  3 hell hogs (Pan)
  32 soul eaters (Pan)
  The ghost of ragingrage the Spear-Bearer, a novice DsCK of Xom (D:8)
  6 thrashing horrors
  10 death yaks
  4 orc high priests
  16 hell knights
  2 spriggan berserkers (Depths:1)
  13 naga sharpshooters
  8 deep elf knights
  2 vampire magi
  3 salamander mystics
  The ghost of BigDaddyOpFi the Covert, a novice OpFi of Dithmenos (D:8)
  77 sun demons
  A storm dragon zombie (Depths:2)
  Nergalle (Lair:4)
  8 shadow wraiths
  A titan skeleton (Depths:2)
  2 spectral death yaks (Lair:6)
  The ghost of LobsterGuardian the Covert, a novice OpEE of Gozag (D:8)
  A spectral anaconda (Lair:6)
  11 iron trolls
  A sea snake (Zig:5)
  30 sixfirhies
  3 spatial maelstroms
  6 wretched stars
  2 deep trolls (shapeshifter)
  17 swamp dragons
  18 shadow demons (Pan)
  29 skeletal warriors
  A death drake (shapeshifter) (Vaults:5)
  3 goliath frogs
  An orange crystal statue (Zig:5)
  3 spriggan druids
  52 deep trolls
  A bunyip skeleton (Crypt:2)
  4 flayed ghosts
  A glowing orange brain (shapeshifter) (Vaults:5)
  14 glowing orange brains
  A golden dragon zombie (Depths:2)
  3 harpies (Vaults:3)
  7 phantasmal warriors
  9 naga ritualists
  3 golden dragon skeletons (Depths:2)
  2 obsidian statues
  2 bog bodies
  7 wizards
  43 large abominations
  A shadow dragon zombie (Depths:2)
  13 deep elf archers
  11 lindwurms
  An iron dragon zombie (Depths:2)
  2 tengu zombies (Depths:2)
  10 ironbound convokers
  21 deep elf pyromancers
  33 deep elf zephyrmancers
  15 necromancers
  14 orc knights
  A tengu skeleton (Depths:2)
  11 mana vipers
  6 cyclopes
  4 orc sorcerers (Orc:2)
  53 ugly things
  6 will-o-the-wisps
  A frost giant zombie (Vaults:1)
  6 manticores
  2 shadow dragon skeletons (Depths:2)
  A moth of wrath (shapeshifter) (Elf:2)
  A worldbinder (Abyss:3)
  16 salamanders
  A stone giant zombie (Vaults:4)
  A stone giant skeleton (Vaults:1)
  An elf zombie (Vaults:4)
  A naga zombie (Abyss:2)
  2 iron dragon skeletons
  20 elephants
  A black mamba (shapeshifter) (D:15)
  An apocalypse crab (Abyss:2)
  40 black mambas
  17 vault sentinels
  A guardian serpent (Snake:4)
  22 eyes of devastation
  A torpor snail (Lair:2)
  An ice statue (IceCv)
  42 smoke demons
  2 rust devils (Pan)
  23 naga magi
  2 gargoyles
  2 naga skeletons (Pan)
  5 rime drakes
  23 orange demons
  14 cane toads
  16 hellions
  4 unseen horrors
  Maggie (D:6)
  A yaktaur zombie (Vaults:1)
  17 tormentors
  An anaconda simulacrum (IceCv)
  5 demonic crawlers (Pan)
  2 dire elephant skeletons (Pan)
  8 freezing wraiths
  10 komodo dragons
  32 yaktaurs
  12 efreet
  2 ancient zymes (Abyss:2)
  15 ice devils
  5 entropy weaver simulacra (IceCv)
  33 hellwings
  4 tengu conjurers
  A jumping spider (shapeshifter) (Abyss:2)
  4 merfolk (Zig:5)
  6 trolls
  A red devil (Pan)
  36 guardian mummies
  2 queen bees (shapeshifter)
  2 bloated husks
  A wolf spider simulacrum (D:13)
  A hydra skeleton (Tomb:3)
  9 tyrant leeches
  A wind drake (Zig:5)
  10 hornets
  A polar bear (Lair:5)
  4 harpy skeletons
  A spectral elephant (Lair:6)
  109 slime creatures
  15 blink frogs
  2 snapping turtles (Zig:5)
  12 dream sheep
  14 raiju (Abyss:2)
  51 flying skulls
  35 ynoxinuls
  2 water elementals
  5 shadows
  7 spriggans
  A tarantella (Vaults:3)
  2 wyverns (Lair:3)
  2 vampires (D:13)
  A hog (shapeshifter) (Elf:2)
  8 wraiths
  3 air elementals (Elf:2)
  2 redbacks
  2 dire elephant simulacra (IceCv)
  2 basilisks
  57 yaks
  5 fire bats
  3 ushabtiu (Tomb:2)
  11 golden eyes
  2 fire elementals (Elf:1)
  27 chaos spawn (Pan)
  A steam dragon (D:10)
  4 vampire mosquitoes
  5 death yak simulacra
  A human simulacrum (Vaults:1)
  7 neqoxecs
  Menkaure (D:7)
  24 swamp worms
  4 acid dragons
  41 nagas
  10 water moccasins
  A warg (Elf:3)
  Duvessa (D:6)
  A floating eye (shapeshifter) (Vaults:1)
  4 black bears
  37 orc warriors
  8 swamp drakes
  A cane toad zombie (Crypt:1)
  An ice beast (D:5)
  A sky beast (D:5)
  An elephant skeleton (Lair:6)
  3 ogres
  28 wolves
  25 centaurs
  An elf simulacrum (Vaults:4)
  2 kobold brigands
  17 bullfrogs
  Blork the orc (D:5)
  2 scorpions
  2 earth elementals
  An elf skeleton (Crypt:2)
  A glowing shapeshifter simulacrum (Vaults:4)
  A two-headed ogre simulacrum (IceCv)
  6 cane toad simulacra (IceCv)
  2 gnoll sergeants
  Dowan (D:6)
  A wyvern skeleton (Crypt:2)
  2 water moccasin skeletons (D:5)
  6 elephant simulacra
  6 killer bees (D:9)
  An electric eel (Lair:4)
  2 howler monkeys
  5 quasits (Abyss:2)
  A crimson imp (D:5)
  24 starcursed masses
  5 centaur zombies
  14 small abominations
  2 hounds (D:5)
  10 jellies
  18 orc priests
  2 iron imps (Abyss:2)
  5 centaur skeletons
  7 iguanas
  An iguana (shapeshifter) (Depths:2)
  16 orc wizards
  Natasha (twice) (D:2)
  A polar bear simulacrum (IceCv)
  5 wolf simulacra (IceCv)
  An ogre skeleton (Crypt:1)
  A hound skeleton (D:5)
  42 mummies
  5 adders
  12 gnolls
  2 naga simulacra (IceCv)
  2 shadow imps
  4 white imps
  7 ufetubi
  A dart slug (D:2)
  83 orcs
  7 endoplasms
  A giant cockroach (D:4)
  7 goblins
  8 hobgoblins
  3 jackals (D:5)
  2 quokkas
  2 ball pythons
  3 frilled lizards
  A goblin skeleton (D:5)
  2 hobgoblin zombies
  21 kobolds
  3 kobold skeletons (D:5)
  2 kobold zombies (D:5)
  2 orc skeletons (D:5)
  3 rats
  A ball lightning (Pan)
  6 fulminant prisms
  3 lurking horrors
  2 snaplasher vines (Vaults:5)
  18 starspawn tentacles
2998 creatures vanquished.

Vanquished Creatures (collateral kills)
  Cerebov (Pan)
  the Royal Jelly (Slime:5)
  2 dread liches (Vaults:5)
  An ancient lich (Crypt:3)
  Boris (4 times) (Vaults:3 Depths:1 Depths:3 Depths:4)
  Sojobo (Vaults:4)
  Bai Suzhen (Vaults:5)
  Xtahua (Crypt:1)
  A bone dragon (Crypt:3)
  A Brimstone Fiend (Pan)
  2 Tzitzimimeh (Pan)
  2 tentacled monstrosities (Vaults:5)
  4 hellephants
  3 Ice Fiends (Pan)
  3 Hell Sentinels
  3 liches
  10 pandemonium lords (Pan)
  5 titans
  10 acid blobs
  3 ancient champions
  5 sphinxes
  A quicksilver dragon (Vaults:5)
  3 tengu reavers
  A shadow dragon (Vaults:5)
  4 tentacled starspawn
  2 storm dragons
  A rockslime (Slime:5)
  A demonspawn warmonger (Pan)
  2 azure jellies
  2 fire giants (Vaults:5)
  A revenant (Tomb:1)
  A daeva (Abyss:1)
  7 vault wardens
  12 cacodemons (Pan)
  2 frost giants (Vaults:5)
  A deep elf sorcerer (Vaults:5)
  5 balrugs (Pan)
  A caustic shrike zombie (Crypt:3)
  2 curse skulls (Crypt:1)
  An angel (Zig:8)
  A demonspawn blood saint (Pan)
  4 ghouls
  3 very ugly things (Vaults:5)
  2 demonspawn corrupters (Pan)
  2 reapers (Pan)
  5 stone giants (Vaults:5)
  An ironbound preserver (Vaults:5)
  A quicksilver ooze (Slime:5)
  A caustic shrike skeleton (Crypt:3)
  2 draconian annihilators
  3 war gargoyles
  2 vampire knights
  5 demonspawn black suns (Pan)
  8 lorocyprocas (Pan)
  2 black draconians
  A deep elf annihilator (Vaults:5)
  A white draconian (Zig:8)
  An eidolon (Crypt:2)
  An ettin (shapeshifter) (Vaults:5)
  3 green deaths (Pan)
  3 deep elf death magi
  3 blizzard demons (Pan)
  3 crystal guardians (Crypt:3)
  6 mummy priests (Tomb:1)
  4 jiangshi
  A merfolk impaler (Depths:2)
  6 ettins
  A great orb of eyes (Slime:3)
  16 vault guards
  4 yaktaur captains (Vaults:5)
  2 hell beasts (Pan)
  An ironbound frostheart (Vaults:4)
  A death knight (Crypt:1)
  A fenstrider witch skeleton (Crypt:1)
  2 deep troll earth magi
  31 death scarabs (Tomb:1)
  A hell hog (Pan)
  A vampire mage (Crypt:2)
  2 titan zombies (Crypt:3)
  8 soul eaters (Pan)
  7 hell knights
  6 skeletal warriors
  7 sun demons (Pan)
  An iron troll (Vaults:5)
  6 wretched stars
  6 sixfirhies (Pan)
  2 glowing orange brains (Pan)
  2 shadow demons (Pan)
  A cherub (Pan)
  A bog body (Crypt:2)
  2 orange crystal statues (Zig:5)
  2 harpies (Vaults:3)
  2 phantasmal warriors
  A wizard (Pan)
  2 necromancers
  5 orc knights
  3 ironbound convokers (Vaults:5)
  3 shining eyes
  2 stone giant zombies (Crypt:3)
  A deep elf pyromancer (Elf:1)
  An ugly thing (Vaults:5)
  4 slime creatures
  A worldbinder (Abyss:1)
  2 spriggan zombies
  2 eyes of devastation
  2 vault sentinels (Vaults:5)
  A rust devil (Pan)
  A stone giant skeleton (Pan)
  An orc zombie (Crypt:1)
  15 smoke demons
  8 orange demons (Pan)
  An orc skeleton (Crypt:1)
  16 hellions (Pan)
  A dire elephant skeleton (Crypt:2)
  A freezing wraith (Vaults:5)
  5 tormentors (Pan)
  8 yaktaurs
  10 guardian mummies (Tomb:1)
  An ancient zyme (Zig:8)
  A harpy zombie (Crypt:3)
  9 hellwings (Pan)
  A hydra zombie (Crypt:3)
  A harpy skeleton (Crypt:3)
  An ettin zombie (Crypt:3)
  A hydra skeleton (Crypt:3)
  A raiju (Zig:8)
  7 large abominations
  An alligator zombie (Crypt:1)
  An ettin skeleton (Crypt:1)
  10 flying skulls (Tomb:1)
  A merfolk skeleton (Abyss:1)
  2 small abominations (Abyss:1)
  A guardian serpent skeleton (Crypt:2)
  12 ynoxinuls
  10 chaos spawn (Pan)
  6 ushabtiu (Tomb:1)
  3 neqoxecs (Pan)
  A warg (D:12)
  A naga zombie (Crypt:3)
  A blink frog zombie (Crypt:2)
  A lindwurm zombie (Crypt:2)
  9 starcursed masses
  2 necrophages
  A wyvern zombie (Crypt:2)
  A cyclops skeleton (Crypt:1)
  A raiju zombie (Crypt:2)
  A deep dwarf zombie (Crypt:2)
  7 mummies (Tomb:1)
  A steam dragon zombie (Crypt:1)
  A white imp (Vaults:3)
  3 orcs
  A kobold zombie (Crypt:1)
  4 ball lightnings (Pan)
  A fire vortex (Pan)
  4 starspawn tentacles
513 creatures vanquished.

Vanquished Creatures (others)
  An ancient lich (Vaults:5)
  An eldritch tentacle (Pan)
  An Executioner (Pan)
  A storm dragon (Zig:6)
  A vault warden (Vaults:5)
  An ironbound preserver (Vaults:5)
  A lorocyproca (Pan)
  2 green deaths (Pan)
  An ettin (Depths:4)
  A rakshasa (Pan)
  An alligator (Swamp:4)
  A sun demon (Pan)
  A deep elf knight (Elf:1)
  A spriggan (Swamp:1)
  2 wizards (Pan)
  A deep elf pyromancer (Elf:3)
  3 smoke demons (Pan)
  A naga mage (Snake:4)
  A tormentor (Pan)
  5 hellwings (Pan)
  A tyrant leech (Swamp:1)
  A bloated husk (Swamp:1)
  A hornet (Swamp:1)
  2 ynoxinuls (Pan)
  2 chaos spawn (Pan)
  A neqoxec (Pan)
  A small abomination (Abyss:2)
  A bullfrog (Lair:5)
  148 ball lightnings (Pan)
  2 blocks of ice (Pan)
  4 bushes
  10 fire vortices (Pan)
  20 foxfires
  392 fulminant prisms
  57 fungi
  71 plants
  4 snaplasher vines
  35 starspawn tentacles
  31 withered plants (Lair:6)
812 creatures vanquished.

Grand Total: 4323 creatures vanquished

Notes
Turn   | Place    | Note
-------+----------+-------------------------------------------
     0 | D:1      | miscthings the Djinni Conjurer began the quest for the Orb.
     0 | D:1      | Reached XP level 1. HP: 15/15 MP: 0/0
   148 | D:1      | Reached XP level 2. HP: 18/21 MP: 0/0
   432 | D:2      | Noticed a black bear
   438 | D:2      | Killed a black bear
   439 | D:2      | Reached XP level 3. HP: 15/25 MP: 0/0
   439 | D:2      | Learned a level 1 spell: Beastly Appendage
   439 | D:2      | Reached XP level 4. HP: 19/31 MP: 0/0
   439 | D:2      | Reached XP level 5. HP: 21/35 MP: 0/0
   439 | D:2      | Learned a level 2 spell: Static Discharge
   784 | D:2      | Found a faded altar of an unknown god.
  1032 | D:2      | Reached skill level 5 in Spellcasting
  1071 | D:2      | Noticed Natasha
  1074 | D:2      | Killed Natasha
  1361 | D:2      | Noticed Natasha
  1365 | D:2      | Killed Natasha
  1550 | D:3      | Reached XP level 6. HP: 36/40 MP: 0/0
  2115 | D:4      | Found a staircase to the Ecumenical Temple.
  2121 | Temple   | Entered the Ecumenical Temple
  2779 | D:5      | Entered Level 5 of the Dungeon
  2779 | D:5      | Noticed an ogre
  2787 | D:5      | Killed an ogre
  3304 | D:5      | Reached XP level 7. HP: 39/45 MP: 0/0
  3304 | D:5      | Learned a level 3 spell: Summon Guardian Golem
  3688 | D:5      | Found a glowing golden altar of the Shining One.
  3906 | D:5      | Reached XP level 8. HP: 37/50 MP: 0/0
  3946 | D:5      | Noticed Blork the orc
  4004 | D:5      | Killed Blork the orc
  4635 | D:6      | Noticed Duvessa
  4637 | D:6      | Noticed Dowan
  4644 | D:6      | Noticed Maggie
  5181 | D:6      | Paralysed by Maggie for 6 turns
  5187 | D:6      | Killed Maggie
  5195 | D:6      | Killed Duvessa
  5196 | D:6      | Reached XP level 9. HP: 15/55 MP: 0/0
  5196 | D:6      | Learned a level 3 spell: Frozen Ramparts
  5535 | D:6      | Killed Dowan
  6612 | D:7      | Found an iron altar of Okawaru.
  6613 | D:7      | Noticed Menkaure
  6618 | D:7      | Reached skill level 10 in Spellcasting
  6621 | D:7      | Killed Menkaure
  7303 | D:7      | Found a sacrificial altar of Ru.
  7521 | D:8      | Reached skill level 1 in Fighting
  7521 | D:8      | Reached skill level 1 in Armour
  7521 | D:8      | Reached skill level 1 in Shields
  7521 | D:8      | Reached XP level 10. HP: 30/62 MP: 0/0
  8027 | D:8      | Found Gotwae's Antique Armour Shoppe.
  8074 | D:8      | Bought a runed cloak for 195 gold pieces
  8108 | D:8      | Noticed Gastronok
  8152 | D:8      | Killed Gastronok
  8248 | D:8      | Found a runed translucent gate.
  8250 | D:8      | Found a runed translucent gate.
  8250 | D:8      | Noticed mdk's ghost (novice OgHu)
  8253 | D:8      | Found a runed translucent gate.
  8253 | D:8      | Noticed LobsterGuardian's ghost (novice OpEE)
  8253 | D:8      | Noticed ragingrage's ghost (novice DsCK)
  8253 | D:8      | Noticed BigDaddyOpFi's ghost (novice OpFi)
  8416 | D:8      | Found a shadowy altar of Dithmenos.
  8558 | D:9      | Reached skill level 5 in Dodging
  8558 | D:9      | Reached XP level 11. HP: 59/72 MP: 0/0
  8558 | D:9      | Learned a level 5 spell: Freezing Cloud
  8723 | D:9      | Noticed a two-headed ogre
  8729 | D:9      | Killed a two-headed ogre
  9071 | D:9      | Noticed a two-headed ogre
  9079 | D:9      | Killed a two-headed ogre
  9144 | D:9      | Found a staircase to the Lair.
  9152 | D:9      | Reached skill level 5 in Fighting
  9152 | D:9      | Reached skill level 5 in Shields
  9207 | D:9      | Found a burning altar of Makhleb.
  9358 | D:9      | Became a worshipper of Makhleb the Destroyer
  9557 | D:10     | Entered Level 10 of the Dungeon
  9646 | D:10     | Noticed a two-headed ogre
  9652 | D:10     | Killed a two-headed ogre
  9705 | D:10     | Found a flagged portal.
  9717 | D:10     | Reached skill level 1 in Evocations
  9812 | Bailey   | Entered a bailey
 10045 | Bailey   | Reached * piety under Makhleb
 11315 | D:10     | Found a staircase to the Orcish Mines.
 11336 | D:10     | Found a runed translucent gate.
 11336 | D:10     | Found a runed translucent gate.
 11337 | D:10     | Found a runed translucent gate.
 11337 | D:10     | Noticed jasper's ghost (journeyman DsCA)
 11398 | D:10     | Identified the +3 mace of Xeri {drain, rCorr Str+5 Dex-2}
 11607 | D:8      | Killed LobsterGuardian's ghost
 11608 | D:8      | Reached XP level 12. HP: 75/84 MP: 0/0
 11610 | D:8      | Killed BigDaddyOpFi's ghost
 11613 | D:8      | Killed mdk's ghost
 11615 | D:8      | Killed ragingrage's ghost
 11694 | Lair:1   | Entered Level 1 of the Lair of Beasts
 11731 | Lair:1   | Reached ** piety under Makhleb
 12078 | Lair:1   | You are sucked into a shaft and drop 1 floor!
 12078 | Lair:2   | Noticed a five-headed hydra
 12390 | Lair:2   | Killed a five-headed hydra
 12407 | Lair:2   | Reached skill level 5 in Evocations
 12607 | Lair:2   | Reached XP level 13. HP: 93/94 MP: 0/0
 12607 | Lair:2   | Learned a level 5 spell: Summon Forest
 12688 | Lair:2   | Found a staircase to the Snake Pit.
 12721 | Lair:2   | Reached *** piety under Makhleb
 13269 | Lair:2   | Noticed a six-headed hydra
 13279 | Lair:2   | Killed a six-headed hydra
 13580 | D:8      | Bought a bloodstained scale mail for 234 gold pieces
 13580 | D:8      | Identified the +0 scale mail of Amorality {rF+ Will+} (You
                  | bought it in a shop on level 8 of the Dungeon)
 14130 | Lair:3   | Reached skill level 10 in Fighting
 14671 | Lair:4   | Noticed Nergalle
 14673 | Lair:4   | Reached **** piety under Makhleb
 14678 | Lair:4   | Killed Nergalle
 14738 | Lair:4   | Noticed Rupert
 14752 | Lair:4   | Killed Rupert
 14753 | Lair:4   | Reached skill level 10 in Dodging
 14753 | Lair:4   | Reached XP level 14. HP: 92/105 MP: 0/0
 14806 | Lair:4   | Found a frozen archway.
 14850 | Lair:4   | Found a staircase to the Swamp.
 14867 | IceCv    | Entered an ice cave
 15064 | IceCv    | Reached ***** piety under Makhleb
 16589 | Lair:5   | You are sucked into a shaft and drop 1 floor!
 16589 | Lair:6   | Entered Level 6 of the Lair of Beasts
 16711 | Lair:6   | Found a staircase to the Slime Pits.
 16750 | Lair:6   | Reached skill level 10 in Shields
 16775 | Lair:6   | Reached XP level 15. HP: 80/113 MP: 0/0
 16775 | Lair:6   | Learned a level 6 spell: Death Channel
 17036 | Lair:5   | Noticed Snorg
 17046 | Lair:5   | Reached ****** piety under Makhleb
 17048 | Lair:5   | Killed Snorg
 17976 | Lair:6   | Found a basalt altar of Yredelemnul.
 18728 | Orc:1    | Entered Level 1 of the Orcish Mines
 18877 | Orc:2    | Entered Level 2 of the Orcish Mines
 18944 | Orc:2    | Found a staircase to the Elven Halls.
 19064 | Orc:2    | Noticed an orc warlord
 19077 | Orc:2    | Killed an orc warlord
 19130 | Orc:1    | Found Ryny's Armour Boutique.
 19169 | Orc:1    | Noticed Josephine
 19186 | Orc:1    | Killed Josephine
 19282 | Orc:1    | Found Onidd's General Store.
 19499 | Orc:2    | Reached XP level 16. HP: 116/124 MP: 0/0
 19555 | Orc:2    | Reached skill level 10 in Evocations
 19714 | Orc:2    | Found Zuninos's General Store.
 19715 | Orc:2    | Found Qeihicywk's Book Shop.
 19717 | Orc:2    | Found Wiguh's Antique Armour Shop.
 19717 | Orc:2    | Found Kuenam's Antique Weapon Boutique.
 19732 | Orc:2    | Bought a scroll of teleportation for 45 gold pieces
 19743 | Orc:2    | Bought a pair of runed gloves for 195 gold pieces
 19743 | Orc:2    | Bought an encrusted leather armour for 182 gold pieces
 19743 | Orc:2    | Identified the +6 leather armour of Valiance {rElec rN+
                  | Dex+2} (You bought it in a shop on level 2 of the Orcish
                  | Mines)
 19755 | Orc:2    | Bought a faintly glowing leather armour for 182 gold pieces
 19755 | Orc:2    | Identified the +6 leather armour of Dishonour {rElec} (You
                  | bought it in a shop on level 2 of the Orcish Mines)
 19756 | Orc:2    | Bought a spiked chain mail for 247 gold pieces
 19756 | Orc:2    | Identified the +2 chain mail "Ezxi Zim" {Str+2} (You bought
                  | it in a shop on level 2 of the Orcish Mines)
 19756 | Orc:2    | Bought a heavy robe for 148 gold pieces
 19756 | Orc:2    | Identified the +1 robe "Robirer" {rC+ Str+7} (You bought it
                  | in a shop on level 2 of the Orcish Mines)
 19998 | D:10     | Killed jasper's ghost
 20053 | D:11     | Found Ifeqank's Armour Boutique.
 20119 | D:11     | Found the necklace of Bloodlust {*Rage Will++ Int-3 Slay+6}
 20289 | D:11     | Found a gate leading to a gauntlet.
 20298 | Gauntlet | Entered a Gauntlet
 20298 | Gauntlet | Found a transporter.
 20305 | Gauntlet | Found a transporter.
 20307 | Gauntlet | Found a transporter.
 20314 | Gauntlet | Found a runed translucent gate.
 20314 | Gauntlet | Found a runed translucent gate.
 20314 | Gauntlet | Found a runed translucent gate.
 20317 | Gauntlet | Found a transporter.
 20320 | Gauntlet | Found a transporter.
 20329 | Gauntlet | Found a transporter.
 20349 | Gauntlet | Found a runed translucent door.
 20350 | Gauntlet | Found a transporter.
 20361 | Gauntlet | Found a transporter.
 20371 | Gauntlet | Found a transporter.
 20390 | Gauntlet | Found a transporter.
 20404 | Gauntlet | Found a transporter.
 20405 | Gauntlet | Found a transporter.
 20460 | Gauntlet | Found a runed translucent door.
 20465 | Gauntlet | Found a transporter.
 20465 | Gauntlet | Found a transporter.
 20724 | Gauntlet | Identified the ring of Lugonu's Esteem {rC+ rN+ rCorr SInv}
 20743 | Gauntlet | Identified the amulet "Baucyi" {RegenMP rElec}
 20762 | Gauntlet | Identified the +1 robe of Nymor Foem {Int+3}
 20764 | Gauntlet | Identified a scroll of acquirement
 20768 | D:11     | Acquired the amulet of Inueqaof {Reflect rF+ Int-3 Dex+8
                  | SH+5 SInv}
 21369 | D:12     | Found a bloodstained altar of Trog.
 21832 | D:12     | Reached skill level 15 in Fighting
 22223 | D:13     | Identified the +8 falchion of Eternity {pain, rF- Int+5
                  | Dex+3 SInv}
 22257 | D:13     | Noticed Frances
 22265 | D:13     | Killed Frances
 22342 | D:13     | Found a runed translucent door.
 22347 | D:13     | Noticed a fire giant
 22351 | D:13     | Noticed JustinTrotter's ghost (journeyman DEWz)
 22351 | D:13     | Noticed a lich
 22358 | D:13     | Found a runed translucent door.
 22594 | D:13     | Found Rifithud's General Store.
 22604 | D:13     | Bought a scroll of identify for 28 gold pieces
 22610 | D:13     | Noticed Nessos
 22618 | D:13     | Killed Nessos
 22728 | D:13     | You are sucked into a shaft and drop 2 floors!
 22728 | D:15     | Entered Level 15 of the Dungeon
 22819 | D:14     | Noticed Louise
 22826 | D:14     | Reached XP level 17. HP: 128/131 MP: 0/0
 22826 | D:14     | Learned a level 7 spell: Dragon Form
 22846 | D:14     | Killed Louise
 23123 | D:14     | Found Esurack's Weapon Boutique.
 23550 | D:13     | Found a gate to the Vaults.
 23623 | D:13     | Killed JustinTrotter's ghost
 23634 | D:13     | Killed a lich
 24109 | D:15     | Found a staircase to the Depths.
 24413 | Elf:1    | Entered Level 1 of the Elven Halls
 24554 | Elf:1    | Found a runed translucent door.
 24554 | Elf:1    | Noticed freelancePsychic's ghost (adept DEFE)
 24938 | Elf:1    | Found the +7 great mace "Firestarter" {inner flame, rF++}
 25158 | Elf:1    | Reached XP level 18. HP: 137/139 MP: 0/0
 25361 | Elf:1    | Killed freelancePsychic's ghost
 25368 | Elf:1    | Identified the +7 chain mail of the Blizzard {rCorr}
 25394 | Elf:2    | Reached skill level 15 in Spellcasting
 25464 | Elf:2    | Paralysed by an air elemental for 1 turns
 25488 | Elf:2    | Found Uthrearuesm's Armour Shop.
 25516 | Elf:2    | Paralysed by an air elemental for 1 turns
 25821 | Elf:2    | Found a huge runed translucent gate.
 25821 | Elf:2    | Found a huge runed translucent gate.
 25821 | Elf:2    | Found a huge runed translucent gate.
 25821 | Elf:2    | Found a huge runed translucent gate.
 25822 | Elf:2    | Found a huge runed translucent gate.
 26185 | Elf:3    | Entered Level 3 of the Elven Halls
 26185 | Elf:3    | Found Souced's Assorted Antiques.
 26201 | Elf:3    | Identified the +1 cloak of Gapox {Fly rC++}
 26238 | Elf:3    | Bought a scroll of blinking for 217 gold pieces
 26296 | Elf:3    | Reached skill level 15 in Dodging
 26404 | Elf:3    | Found Vytsoguu's Antique Armour Shop.
 26417 | Elf:3    | Bought a warped chain mail for 313 gold pieces
 26417 | Elf:3    | Identified the +0 chain mail of the Invisible Shrikes
                  | {Str+2} (You bought it in a shop on level 3 of the Elven
                  | Halls)
 26423 | Elf:3    | Found Tookh's Book Shoppe.
 26757 | Elf:3    | Noticed a deep elf blademaster
 26762 | Elf:3    | Killed a deep elf blademaster
 26762 | Elf:3    | Noticed a deep elf blademaster
 26767 | Elf:3    | Killed a deep elf blademaster
 26789 | Elf:3    | Identified the +10 great sword "Roco" {drain, rElec}
 26789 | Elf:3    | Identified the +2 robe "Xokkuar" {rF+ rN+ Dex+3}
 26789 | Elf:3    | Identified the amulet "Roul" {Reflect rC+ SH+5 Stlth+}
 26805 | Elf:3    | Noticed a deep elf master archer
 26812 | Elf:3    | Killed a deep elf master archer
 26815 | Elf:3    | Noticed a deep elf master archer
 26818 | Elf:3    | Killed a deep elf master archer
 26838 | Elf:3    | Reached XP level 19. HP: 136/147 MP: 0/0
 26838 | Elf:3    | Learned a level 7 spell: Summon Hydra
 26855 | Elf:3    | Noticed a Brimstone Fiend
 26951 | Elf:3    | Noticed an Ice Fiend
 27191 | Elf:3    | Identified the +4 short sword of the Shouting Augurer
                  | {elec, Will+}
 27196 | Elf:3    | Identified the +7 spear "Novio" {freeze, rCorr Str-3 Dex+3}
 27532 | Swamp:1  | Entered Level 1 of the Swamp
 28019 | Swamp:2  | Reached skill level 5 in Armour
 28057 | Swamp:2  | Noticed Donald
 28064 | Swamp:2  | Killed Donald
 28706 | Swamp:3  | Reached XP level 20. HP: 118/155 MP: 0/0
 29036 | Swamp:4  | Entered Level 4 of the Swamp
 29131 | Swamp:4  | Reached skill level 15 in Shields
 29409 | Swamp:4  | Got a decaying rune of Zot
 29597 | Snake:1  | Entered Level 1 of the Snake Pit
 29866 | Snake:1  | Noticed Jorgrun
 29882 | Snake:1  | Killed Jorgrun
 30052 | Snake:1  | Noticed Mlioglotl
 30064 | Snake:1  | Killed Mlioglotl
 30591 | Snake:2  | Noticed Aizul
 30608 | Snake:2  | Killed Aizul
 31126 | Snake:3  | Reached XP level 21. HP: 159/163 MP: 0/0
 31126 | Snake:3  | Learned a level 7 spell: Haunt
 31133 | Snake:3  | Found a runed translucent door.
 31135 | Snake:3  | Noticed spiderkeys's ghost (adept VSAK)
 31160 | Snake:3  | Reached skill level 10 in Armour
 31164 | Snake:3  | Killed spiderkeys's ghost
 32078 | Snake:4  | Entered Level 4 of the Snake Pit
 32224 | Snake:4  | Found Sasm's Antique Armour Emporium.
 32224 | Snake:4  | Found Sepeateo's Distillery.
 32225 | Snake:4  | Found Raof's Jewellery Shoppe.
 32227 | Snake:4  | Found Rumnoc's Jewellery Emporium.
 32258 | Snake:4  | Bought 2 potions of brilliance for 120 gold pieces
 32258 | Snake:4  | Bought a potion of mutation for 120 gold pieces
 32264 | Snake:4  | Bought a distressingly furry leather armour for 189 gold
                  | pieces
 32264 | Snake:4  | Identified the +3 leather armour of Wotax {rPois rF+ rC+}
                  | (You bought it in a shop on level 4 of the Snake Pit)
 32264 | Snake:4  | Bought a fading scale mail for 243 gold pieces
 32264 | Snake:4  | Identified the +4 scale mail "Ymoniw" {rPois} (You bought
                  | it in a shop on level 4 of the Snake Pit)
 32268 | Snake:4  | Bought the amulet of Ascent {Reflect Regen+ Str+2 Dex+2
                  | SH+5 SInv} for 644 gold pieces
 32561 | Snake:4  | Got a serpentine rune of Zot
 32647 | Snake:4  | Identified the ring of the Princess {rPois Str+4 Dex+6}
 32688 | Snake:4  | Noticed Vashnia
 32700 | Snake:4  | Killed Vashnia
 33145 | Slime:1  | Entered Level 1 of the Pits of Slime
 33151 | Slime:1  | Gained mutation: Your body sometimes deteriorates upon
                  | taking damage. [a shining eye]
 33290 | Slime:4  | Reached XP level 22. HP: 166/171 MP: 0/0
 33321 | Slime:5  | Entered Level 5 of the Pits of Slime
 33676 | Slime:5  | Noticed the Royal Jelly
 33693 | Slime:5  | Killed the Royal Jelly
 33842 | Slime:5  | Identified the +4 scale mail of the Insatiable Quests
                  | {Stlth+}
 33849 | Slime:5  | Identified the +10 ring mail of Fortitude {*Corrode Int+4}
 33863 | Slime:5  | Got a slimy rune of Zot
 33876 | Slime:5  | Identified the +11 demon trident "Lemoroe" {vorpal, *Noise
                  | rC+ Int+7 Stlth+}
 33920 | Slime:5  | Identified the +12 morningstar "Paoxas" {freeze, Dex+2}
 33923 | Slime:5  | Identified the +1 leather armour of Joahaqad {+Inv rCorr
                  | Int-4}
 34242 | Vaults:1 | Entered Level 1 of the Vaults
 35377 | Vaults:2 | Found a staircase to the Crypt.
 35627 | Vaults:2 | Found Kesaterch's Antique Armour Shop.
 35666 | Vaults:2 | Reached XP level 23. HP: 178/178 MP: 0/0
 35666 | Vaults:2 | Learned a level 8 spell: Infestation
 36058 | Vaults:2 | Noticed Mara
 36072 | Vaults:2 | Noticed miscthings's illusion
 36077 | Vaults:2 | Killed Mara
 36236 | Vaults:2 | Noticed Nikola
 36244 | Vaults:2 | Killed Nikola
 36411 | Vaults:3 | Noticed Boris
 36415 | Vaults:3 | Killed Boris
 36945 | Vaults:3 | Found a huge runed gate.
 36945 | Vaults:3 | Found a huge runed gate.
 36945 | Vaults:3 | Found a huge runed gate.
 36945 | Vaults:3 | Found a huge runed gate.
 36946 | Vaults:3 | Found a huge runed gate.
 36946 | Vaults:3 | Found a huge runed gate.
 36946 | Vaults:3 | Found a huge runed gate.
 36946 | Vaults:3 | Found a huge runed gate.
 36947 | Vaults:3 | Found a huge runed gate.
 36947 | Vaults:3 | Found a huge runed gate.
 36947 | Vaults:3 | Found a huge runed gate.
 36947 | Vaults:3 | Found a huge runed gate.
 36947 | Vaults:3 | Found a huge runed gate.
 36948 | Vaults:3 | Found a huge runed gate.
 36949 | Vaults:3 | Found a huge runed gate.
 36951 | Vaults:3 | Found a huge runed gate.
 36952 | Vaults:3 | Found a huge runed gate.
 36960 | Vaults:3 | Found a huge runed gate.
 36960 | Vaults:3 | Found a huge runed gate.
 36960 | Vaults:3 | Found a huge runed gate.
 36960 | Vaults:3 | Found a huge runed gate.
 36960 | Vaults:3 | Found a huge runed gate.
 36960 | Vaults:3 | Found a huge runed gate.
 36961 | Vaults:3 | Found a huge runed gate.
 36962 | Vaults:3 | Found a huge runed gate.
 36963 | Vaults:3 | Found a huge runed gate.
 36971 | Vaults:3 | Found a huge runed gate.
 36971 | Vaults:3 | Found a huge runed gate.
 36971 | Vaults:3 | Found a huge runed gate.
 36971 | Vaults:3 | Found a huge runed gate.
 36971 | Vaults:3 | Found a huge runed gate.
 36971 | Vaults:3 | Found a huge runed gate.
 36972 | Vaults:3 | Found a huge runed gate.
 36973 | Vaults:3 | Found a huge runed gate.
 36974 | Vaults:3 | Found a huge runed gate.
 37449 | Vaults:4 | Reached XP level 24. HP: 161/187 MP: 0/0
 37693 | Vaults:4 | Identified the +0 ring mail "Enohagh" {rN+++ Str+4}
 37877 | Vaults:4 | Noticed Sojobo
 37893 | Vaults:4 | Killed Sojobo
 38006 | Vaults:4 | Identified the ring of Okawaru's Approval {Fly rElec Int+3}
 38725 | Vaults:5 | Entered Level 5 of the Vaults
 38741 | Vaults:5 | Noticed Bai Suzhen
 38760 | Vaults:5 | Killed Bai Suzhen
 38764 | Vaults:5 | Reached XP level 25. HP: 195/195 MP: 0/0
 38764 | Vaults:5 | Learned a level 8 spell: Disjunction
 38975 | Vaults:5 | Noticed a dread lich
 39087 | Vaults:5 | Noticed a dread lich
 39091 | Vaults:5 | Killed a dread lich
 39454 | Vaults:5 | Identified the +5 ring mail of Lifelessness {Will+ Regen+}
 39472 | Vaults:5 | Got a silver rune of Zot
 39580 | Vaults:5 | Identified the +0 ring mail of Beogh's Displeasure {Str-4
                  | Int+2 Dex+8}
 39702 | Vaults:5 | Identified the +5 flail of the Vestibule of Hell {holy,
                  | Will+ Int+4}
 39848 | Vaults:5 | Killed a dread lich
 40083 | Vaults:5 | Noticed an ancient lich
 40117 | Vaults:5 | Killed an ancient lich
 40351 | Crypt:1  | Entered Level 1 of the Crypt
 40653 | Crypt:1  | Reached XP level 26. HP: 179/205 MP: 0/0
 41449 | Crypt:1  | Noticed Xtahua
 41462 | Crypt:1  | Killed Xtahua
 42274 | Crypt:3  | Entered Level 3 of the Crypt
 42497 | Crypt:3  | Noticed an ancient lich
 42499 | Crypt:3  | Found a shimmering altar of Xom.
 42509 | Crypt:3  | Killed an ancient lich
 42552 | Crypt:3  | Identified the +0 ring mail of the Solemn Cuttlefish {rF+
                  | rCorr Int-2}
 43111 | Crypt:3  | Found a staircase to the Tomb.
 43650 | Depths:1 | Entered Level 1 of the Depths
 43875 | Depths:1 | Reached XP level 27. HP: 212/213 MP: 0/0
 43875 | Depths:1 | Learned a level 9 spell: Death's Door
 43912 | Depths:1 | Noticed Boris
 43932 | Depths:1 | Killed Boris
 43933 | Depths:1 | Found a gateway to Hell.
 43956 | Depths:1 | Found a gateway to a ziggurat.
 44720 | Depths:2 | Found a one-way gate to the infinite horrors of the Abyss.
 45125 | Depths:2 | Identified the ring "Teafap" {rPois rC- EV+4 SInv}
 45243 | Depths:2 | Found a one-way gate leading to the halls of Pandemonium.
 45690 | Depths:2 | Found the +9 sword of Zonguldrok {reap}
 46019 | Depths:3 | Noticed Boris
 46031 | Depths:3 | Killed Boris
 46928 | Depths:4 | Entered Level 4 of the Depths
 47175 | Depths:4 | Found a shimmering altar of Xom.
 47356 | Depths:4 | Found a runed translucent door.
 47356 | Depths:4 | Found a shimmering altar of Xom.
 47356 | Depths:4 | Noticed Kunuk's ghost (veteran MiFi)
 47357 | Depths:4 | Identified the +6 morningstar of Fuhub {chaos, rPois Will-
                  | Int-4 Dex+8}
 47430 | Depths:4 | Killed Kunuk's ghost
 47461 | Depths:4 | Noticed Boris
 47471 | Depths:4 | Noticed a juggernaut
 47502 | Depths:4 | Killed Boris
 47513 | Depths:4 | Killed a juggernaut
 47971 | Depths:4 | Found a gate to the Realm of Zot.
 48110 | Depths:3 | Voluntarily entered the Abyss.
 48421 | Abyss:2  | Found a transporter.
 48423 | Abyss:2  | Found a corrupted altar of Lugonu.
 48423 | Abyss:2  | Found a transporter.
 48463 | Abyss:2  | Identified the amulet of Temptation {Spirit rPois Dex+2
                  | Slay+2}
 48468 | Abyss:2  | Found a transporter.
 48498 | Abyss:2  | Found a transporter.
 48510 | Abyss:2  | Found a transporter.
 48681 | Abyss:2  | Found a corrupted altar of Lugonu.
 48772 | Abyss:2  | Found a corrupted altar of Lugonu.
 48870 | Abyss:2  | Found a stormy altar of Qazlal.
 48997 | Abyss:2  | Gained mutation: You often lose your temper in combat. [a
                  | neqoxec]
 49107 | Abyss:2  | Found a corrupted altar of Lugonu.
 49263 | Abyss:2  | Found a corrupted altar of Lugonu.
 49293 | Abyss:3  | Paralysed by accursed screaming for 1 turns
 49342 | Abyss:3  | Paralysed by accursed screaming for 1 turns
 49344 | Abyss:3  | Got an abyssal rune of Zot
 49445 | Depths:3 | Escaped the Abyss
 49552 | Zig:1    | Entered Level 1 of a ziggurat
 49571 | Zig:2    | Entered Level 2 of a ziggurat
 49588 | Zig:3    | Entered Level 3 of a ziggurat
 49611 | Zig:4    | Entered Level 4 of a ziggurat
 49632 | Zig:5    | Entered Level 5 of a ziggurat
 49729 | Zig:6    | Entered Level 6 of a ziggurat
 49765 | Zig:6    | Identified the +3 robe of Jufyagat {Fly Will+ Str+3 SInv}
 49784 | Zig:6    | Lost mutation: You tend to lose your temper in combat.
                  | [potion of mutation]
 49784 | Zig:6    | Lost mutation: Your body sometimes deteriorates upon taking
                  | damage. [potion of mutation]
 49784 | Zig:6    | Gained mutation: You occasionally shout uncontrollably at
                  | your foes. [potion of mutation]
 49784 | Zig:6    | Lost mutation: You occasionally shout uncontrollably at
                  | your foes. [potion of mutation]
 49784 | Zig:6    | Gained mutation: Armour fits poorly on your strangely
                  | shaped body. [potion of mutation]
 49786 | Zig:7    | Entered Level 7 of a ziggurat
 49924 | Zig:8    | Entered Level 8 of a ziggurat
 49971 | Zig:8    | Identified the amulet "Voam" {Faith rElec Will- Regen+}
 49975 | Zig:8    | Identified the +2 leather armour of Nihilism {+Blink rElec
                  | rPois rN++}
 50119 | Pan      | Entered Pandemonium
 50271 | Pan      | Noticed Awaec the pandemonium lord
 50287 | Pan      | Killed Awaec the pandemonium lord
 50583 | Pan      | Entered the realm of Gloorx Vloq.
 51057 | Pan      | Identified the ring of Xagig {+Blink rF++ rC+ SInv Stlth-}
 51374 | Pan      | Noticed Gloorx Vloq
 51638 | Pan      | Killed Gloorx Vloq
 51794 | Pan      | Got a dark rune of Zot
 51874 | Pan      | Entered the realm of Cerebov.
 51880 | Pan      | Found the +6 sword of Cerebov {flame}
 51880 | Pan      | Noticed Cerebov
 52288 | Pan      | Killed Cerebov
 52300 | Pan      | Identified the +8 hunting sling "Bupt" {vorpal, rF+ rN+
                  | Will- Str+3}
 52302 | Pan      | Identified the ring "Husothre" {Will+++ MP+9 Dex+5}
 52419 | Pan      | Identified the ring of Day {rElec rPois rF+ rC+ Dex-2}
 52427 | Pan      | Identified the +10 glaive "Jairir" {vorpal, Stlth+}
 52454 | Pan      | Identified the +7 arbalest of the Vaults {vorpal, *Slow rF+
                  | rN+}
 52478 | Pan      | Identified the +2 cloak of the Unseen Realm {Drain Regen+
                  | Int+6}
 52524 | Pan      | Identified the +0 chain mail of Socsyxt {rElec Int+8 Dex-3
                  | SInv}
 52555 | Pan      | Got a fiery rune of Zot
 52761 | Pan      | Entered the realm of Mnoleg.
 52761 | Pan      | Noticed Mnoleg
 52764 | Pan      | Gained mutation: Your natural rate of healing is unusually
                  | fast. [a neqoxec]
 52772 | Pan      | Gained mutation: You are clumsy. (Dex -2) [a cacodemon]
 52803 | Pan      | Reached skill level 5 in Stealth
 52809 | Pan      | Killed Mnoleg
 52813 | Pan      | Got a glowing rune of Zot
 52873 | Pan      | Lost mutation: You are clumsy. (Dex -2) [a cacodemon]
 52945 | Pan      | Entered the realm of Lom Lobon.
 53110 | Pan      | Found an exit through the horrors of the Abyss.
 53571 | Pan      | Identified the +8 hunting sling "Mahu" {vorpal, rF+}
 53597 | Pan      | Noticed Lom Lobon
 54519 | Pan      | Got a magical rune of Zot
 54592 | Depths:2 | Escaped Pandemonium
 54594 | Pan      | Entered Pandemonium
 54799 | Pan      | Noticed Visudi Hyu the pandemonium lord
 54888 | Pan      | Killed Visudi Hyu the pandemonium lord
 54947 | Pan      | Noticed Rupsumiu the pandemonium lord
 54954 | Pan      | Killed Rupsumiu the pandemonium lord
 55056 | Pan      | Noticed Maamaiso the pandemonium lord
 55090 | Pan      | Killed Maamaiso the pandemonium lord
 55203 | Pan      | Found a huge runed translucent gate.
 55204 | Pan      | Found a huge runed translucent gate.
 55205 | Pan      | Found a huge runed translucent gate.
 55205 | Pan      | Found a huge runed translucent gate.
 55205 | Pan      | Found a huge runed translucent gate.
 55205 | Pan      | Found a huge runed translucent gate.
 55206 | Pan      | Found a huge runed translucent gate.
 55206 | Pan      | Found a huge runed translucent gate.
 55206 | Pan      | Found a huge runed translucent gate.
 55206 | Pan      | Found a huge runed translucent gate.
 55206 | Pan      | Found a huge runed translucent gate.
 55206 | Pan      | Found a huge runed translucent gate.
 55206 | Pan      | Found a huge runed translucent gate.
 55207 | Pan      | Found a huge runed translucent gate.
 55207 | Pan      | Found a huge runed translucent gate.
 55207 | Pan      | Noticed Vick the pandemonium lord
 55209 | Pan      | Found a huge runed translucent gate.
 55209 | Pan      | Found a huge runed translucent gate.
 55295 | Pan      | Identified the +0 robe of Melancholy {rPois rN++ Int+5}
 55365 | Pan      | Noticed Geracom the pandemonium lord
 55398 | Pan      | Noticed Botus the pandemonium lord
 55900 | Pan      | Identified the +0 leather armour of a volcano {Harm rC-
                  | rN++ Dex+3}
 56155 | Pan      | Noticed Pireomiw the pandemonium lord
 56333 | Pan      | Noticed Jecaluoch the pandemonium lord
 56369 | Pan      | Killed Jecaluoch the pandemonium lord
 56468 | Pan      | Noticed Ysekoune the pandemonium lord
 56468 | Pan      | Gained mutation: You occasionally shout uncontrollably at
                  | your foes. [a cacodemon]
 56516 | Pan      | Killed Ysekoune the pandemonium lord
 56674 | Pan      | Noticed Akhe the pandemonium lord
 56748 | Pan      | Killed Akhe the pandemonium lord
 56823 | Pan      | Gained mutation: Potions are less effective at restoring
                  | your health. [a cacodemon]
 56839 | Pan      | Gained mutation: You are weak. (Str -2) [a cacodemon]
 56972 | Pan      | Noticed Jumicsyl the pandemonium lord
 56994 | Pan      | Killed Jumicsyl the pandemonium lord
 57262 | Pan      | Reached skill level 27 in Spellcasting
 57315 | Pan      | Found an exit through the horrors of the Abyss.
 57372 | Pan      | Noticed Orhe Qeu the pandemonium lord
 57537 | Pan      | Noticed Ohuih the pandemonium lord
 57574 | Pan      | Killed Ohuih the pandemonium lord
 57627 | Pan      | Noticed Root the pandemonium lord
 57872 | Pan      | Found an exit through the horrors of the Abyss.
 57903 | Pan      | Identified the +3 dagger "Sastra Gazat" {vorpal, rElec
                  | Dex+3}
 58066 | Pan      | Found an exit through the horrors of the Abyss.
 58104 | Pan      | Reached skill level 10 in Stealth
 58132 | Pan      | Noticed Bemuqea the pandemonium lord
 58164 | Pan      | Killed Bemuqea the pandemonium lord
 58348 | Pan      | Found an exit through the horrors of the Abyss.
 58513 | Pan      | Found an exit through the horrors of the Abyss.
 58654 | Pan      | Noticed Kaanuw the pandemonium lord
 58707 | Pan      | Killed Kaanuw the pandemonium lord
 58753 | Pan      | Reached skill level 27 in Fighting
 58807 | Pan      | Noticed Pive Zown the pandemonium lord
 58842 | Pan      | Killed Pive Zown the pandemonium lord
 59172 | Pan      | Noticed Inyfabay the pandemonium lord
 59183 | Pan      | Killed Inyfabay the pandemonium lord
 59823 | Pan      | Noticed Ignacio
 59853 | Pan      | Noticed Nyegaor the pandemonium lord
 60221 | Pan      | Noticed Mel Kuycw the pandemonium lord
 60237 | Pan      | Killed Mel Kuycw the pandemonium lord
 60269 | Pan      | Reached skill level 1 in Long Blades
 61065 | Pan      | Got a demonic rune of Zot
 61377 | Pan      | Found an exit through the horrors of the Abyss.
 61388 | Pan      | Took an exit into the Abyss.
 61388 | Abyss:1  | Escaped into the Abyss
 61488 | Depths:2 | Escaped the Abyss
 62022 | Tomb:1   | Entered Level 1 of the Tomb of the Ancients
 62495 | Tomb:1   | Reached skill level 5 in Long Blades
 62841 | Tomb:2   | Noticed a royal mummy
 62841 | Tomb:2   | Noticed a royal mummy
 62841 | Tomb:2   | Noticed a royal mummy
 62841 | Tomb:2   | Noticed a royal mummy
 62855 | Tomb:2   | Killed a royal mummy
 62856 | Tomb:2   | Killed a royal mummy
 62857 | Tomb:2   | Killed a royal mummy
 62860 | Tomb:2   | Killed a royal mummy
 63192 | Tomb:2   | Reached skill level 10 in Long Blades
 63244 | Tomb:3   | Entered Level 3 of the Tomb of the Ancients
 63250 | Tomb:3   | Noticed Khufu
 63250 | Tomb:3   | Noticed a royal mummy
 63251 | Tomb:3   | Noticed a royal mummy
 63255 | Tomb:3   | Noticed a royal mummy
 63255 | Tomb:3   | Noticed a royal mummy
 63256 | Tomb:3   | Killed a royal mummy
 63259 | Tomb:3   | Noticed a royal mummy
 63260 | Tomb:3   | Noticed a royal mummy
 63265 | Tomb:3   | Killed Khufu
 63265 | Tomb:3   | Noticed Mennas
 63269 | Tomb:3   | Killed a royal mummy
 63269 | Tomb:3   | Killed a royal mummy
 63271 | Tomb:3   | Noticed a royal mummy
 63273 | Tomb:3   | Killed a royal mummy
 63277 | Tomb:3   | Noticed a royal mummy
 63278 | Tomb:3   | HP: 5/223 [death scarab[a royal mummy] (12)]
 63278 | Tomb:3   | Killed from afar by a royal mummy

Illustrated notes

Levels and vault maps discovered:
D:1:      grunt_arrival_crossed_arrows, layout_rooms, lemuel_another_geyser
D:2:      layout_loops_ring, basic_ecumenical_altar, uniq_natasha
D:3:      layout_basic
D:4:      layout_basic, minmay_temple_entry_hall
D:5:      layout_cave_pods, nicolae_tso_besieged_by_evil, uniq_blork_the_orc
D:6:      layout_loops_corners, uniq_maggie, uniq_duvessa
D:7:      layout_basic, okawaru_gym_becter, nicolae_ru_awakened_eye,
          hangedman_abyss_or_decor_stagger, minmay_misc_feat_ornament,
          uniq_menkaure
D:8:      layout_rooms, mainiacjoe_overflow_24_doors, gammafunk_ghost_cemetery,
          serial_shops, nicolae_lakefront_shop, uniq_gastronok
D:9:      layout_loops_ring, bloody_makhleb, david_lair_shrubbed
D:10:     layout_roguey, mainiacjoe_overflow_alcove_4, david_orc_2,
          gammafunk_ghost_spectres, enter_bailey_6
D:11:     layout_grid_maze, serial_shops, nicolae_stop_n_shop_2,
          gauntlet_entry_generic, minmay_fountain_box
D:12:     layout_irregular_city, minivault_1, chequers_serial_rivers_large_b,
          trog_butcher_becter
D:13:     layout_loops_ring, david_vaults_5, muffindrake_ghost_dual_entry,
          serial_shops, shop, small_chamber_with_monster, uniq_nessos,
          uniq_frances
D:14:     layout_cave_pools, serial_shops, shop, amethyst_killhole, uniq_louise
D:15:     grunt_enter_depths_snipers, layout_basic, chequers_jeans
Temple:   compressed_dpeg_circular_temple
Lair:1:   layout_big_grid, chequers_serial_rivers_micro_b, lemuel_fruit_tree
Lair:2:   layout_roguey, minmay_snake_entry_guardpost_medium, minmay_holes,
          beast_lair_carwin_6
Lair:3:   layout_cave_pods, nicolae_lair_grove_arrangements
Lair:4:   layout_roguey, swamp_mist_pool, portal_ice_cave_entry_pillars_2,
          uniq_nergalle, uniq_rupert
Lair:5:   layout_loops_ring, basic_altar, uniq_snorg
Lair:6:   due_jungle_book, layout_concentric_octagons, slime_dummy, basic_altar
Swamp:1:  layout_basic_swamp, evilmike_swamp_ruin_house_5, swamp_pool2,
          nicolae_swamp_bean_lake
Swamp:2:  layout_basic_swamp, evilmike_swamp_ruin_house_4, st_swamp_mini,
          infiniplex_staircase_pool, uniq_donald
Swamp:3:  layout_falls_marsh, nicolae_swamp_little_swirl, swamp_pool5
Swamp:4:  swamp_alternative, layout_basic_swamp, swamp_pool1
Snake:1:  layout_gridlike, uniq_jorgrun, uniq_mlioglotl
Snake:2:  layout_onion, grunt_megastairs_4, uniq_aizul
Snake:3:  layout_gridlike, hellmonk_ghost_happy_afterlife, serial_bayou_shore_b
Snake:4:  snake_pit, layout_cave_town, grunt_megastairs_3, minmay_shoptagon,
          uniq_vashnia
Slime:1:  layout_caves
Slime:2:  layout_caves
Slime:3:  layout_caves
Slime:4:  layout_caves
Slime:5
Orc:1:    layout_diamond_mine, serial_shops, nicolae_shop_behind_doors, shop,
          uniq_josephine
Orc:2:    st_orc_congregation, layout_caves
Elf:1:    eino_elf_arrival_customs, layout_geoelf_octagon,
          gammafunk_ghost_grave, kennysheep_underground_church
Elf:2:    elven_hall_of_blades_hangedman_alternative
          [nicolae_blade_little_rooms], layout_loops_cross, serial_shops,
          nicolae_shop_waterfront, minmay_elf_demonology
Elf:3:    grunt_elf_hall_asides, layout_geoelf_octagon, serial_shops,
          nicolae_shop_behind_doors, shop_fountains,
          nicolae_shop_competitors_out_of_business
Vaults:1: nicolae_vaults_circle_grid_b, nicolae_vaults_network_s,
          nicolae_vaults_halls_meeting, v_rooms_1, vaults_room_corners,
          nicolae_vaults_little_squares_3, v_pattern_5, layout_vaults_quadrants
Vaults:2: grunt_vaults_funnel, vaults_room_boxed, vaults_mumra_hexcomb,
          blue_anna_dwarven_crypt, v_alt_pattern_4, ontoclasm_vaults_shuriken,
          v_misc_16, nicolae_vaults_little_squares_2, ontoclasm_vaults_hangar,
          hangedman_vaults_slither, layout_vaults_maze, serial_shops, shop,
          uniq_nikola, uniq_margery, uniq_mara
Vaults:3: nicolae_vaults_ring_of_whatevers, hangedman_vaults_stitches,
          serial_ice_g, hangedman_vaults_hat, vaults_mumra_hex,
          not_door_vault_due, hangedman_vaults_variations,
          nicolae_vaults_little_squares_3, hangedman_vaults_impose,
          nicolae_vaults_little_squares_6, ontoclasm_vaults_ring_small,
          layout_vaults_ring, uniq_boris
Vaults:4: nicolae_vaults_network_star, ontoclasm_vaults_spin,
          hangedman_vaults_stagger, ontoclasm_vaults_gateway, v_misc_5,
          v_misc_25, v_rooms_5, st_spiral_rooms, vaults_dpeg_cross,
          v_alt_pattern_4, vaults_dpeg_encased_lava, layout_vaults_big_cross,
          uniq_sojobo
Vaults:5: uniq_bai_suzhen
Crypt:1:  layout_catacombs, roderic_lattice_octagonal_star, grunt_megastairs_1,
          grunt_crypt_arrival_split, uniq_xtahua
Crypt:2:  layout_chaotic_city
Crypt:3:  cryptofortress_bobbens
Tomb:1
Tomb:2
Tomb:3:   uniq_mennas, uniq_khufu
Depths:1: layout_gridlike, enter_ziggurat_e, hell_entry, minmay_hedge_maze,
          grunt_decor_one_mirror, minmay_microvault, grunt_megastairs_2,
          serial_bayou_shore_b, infiniplex_staircase_pool_lava
Depths:2: minmay_the_grid_triangle_9x9_rhombus_thin_mashed
          [minmay_the_grid_triangle_9x9_corrupted_corridor,
          minmay_the_grid_triangle_9x9_prize_top_heavy,
          minmay_the_grid_triangle_9x9_negative_grid,
          minmay_the_grid_triangle_9x9_wacky_v], layout_cave_pools, abyss_entry,
          grunt_hell_entry_dis_old, nicolae_sif_muna_condensation,
          rand_demon_pan_entry_7, minmay_crystal_room,
          minmay_guarded_unrand_zonguldrok, infiniplex_staircase_spiral
Depths:3: minmay_eyes, layout_basic, abyss_entry_crystal, grunt_mini_vestibule,
          fiery_altar_vehumet, serial_bayou, serial_bayou_crossing, st_stairs_5
Depths:4: grunt_bruiser_brothers, layout_gridlike, minmay_misc_feat_cross,
          hell_entry, ebering_ghost_xom, brannock_xom_greatest_gift

Skill      XL: |  1  2  3  4  5  6  7  8  9 10 11 12 13 14 15 16 17 18 19 20 21 22 23 24 25 26 27 |
---------------+----------------------------------------------------------------------------------+-----
Spellcasting   | 4 5 6 7 8 10 11 12 13 14 15 16 17 18 19 20 22 23 27 | 27.0
Fighting       | 1 3 6 8 11 12 14 15 16 17 18 19 20 21 22 27 | 27.0
Armour         | 1 3 4 6 9 10 12 13 | 13.0
Shields        | 1 3 6 7 8 10 11 12 13 14 15 17 25 | 25.0
Dodging        | 5 7 8 10 11 12 13 14 15 16 17 18 19 20 21 | 21.2
Evocations     | 3 5 7 8 9 10 11 | 11.2
Stealth        | 11 | 11.0
Long Blades    | 12 | 12.6

Action                   |  1- 3 |  4- 6 |  7- 9 | 10-12 | 13-15 | 16-18 | 19-21 | 22-24 | 25-27 || total
-------------------------+-------+-------+-------+-------+-------+-------+-------+-------+-------++-------
Melee: Unarmed           |       |       |     1 |     8 |       |       |       |       |       ||     9
       Staff             |       |       |       |       |     4 |    17 |    16 |       |       ||    37
       Falchion          |       |       |       |       |       |     6 |    14 |    62 |   285 ||   367
 Cast: Magic Dart        |     9 |     1 |       |       |       |       |       |       |       ||    10
       Searing Ray       |     5 |    40 |    55 |    67 |   129 |    15 |       |       |       ||   311
       Iskenderun's Myst |       |     1 |    13 |    52 |   166 |   396 |   594 |   532 |  2530 ||  4284
       Fulminant Prism   |       |     1 |    20 |    44 |   155 |    99 |    56 |     7 |    16 ||   398
       Freezing Cloud    |       |       |       |    20 |    17 |    37 |    36 |    18 |    39 ||   167
       Frozen Ramparts   |       |       |       |     1 |       |     1 |       |       |     1 ||     3
       Death Channel     |       |       |       |       |     1 |     1 |       |     3 |     2 ||     7
       Summon Forest     |       |       |       |       |       |     1 |     1 |     2 |     5 ||     9
       Haunt             |       |       |       |       |       |       |     4 |    20 |   375 ||   399
       Infestation       |       |       |       |       |       |       |       |    12 |   111 ||   123
       Summon Hydra      |       |       |       |       |       |       |       |     2 |    58 ||    60
       Disjunction       |       |       |       |       |       |       |       |       |    17 ||    17
       Summon Guardian G |       |       |       |       |       |       |       |       |     3 ||     3
       Death's Door      |       |       |       |       |       |       |       |       |     1 ||     1
       Dragon Form       |       |       |       |       |       |       |       |       |     1 ||     1
 Abil: End Transformatio |       |       |       |       |       |       |       |       |     1 ||     1
Evoke: Wand              |       |       |     1 |       |       |     2 |     2 |     5 |    42 ||    52
       Phial of floods   |       |       |       |       |       |     1 |     1 |       |       ||     2
       Phantom mirror    |       |       |       |       |       |       |       |     1 |     1 ||     2
       Tin of tremorston |       |       |       |       |       |       |       |       |     7 ||     7
       Box of beasts     |       |       |       |       |       |       |       |       |     4 ||     4
       Condenser vane    |       |       |       |       |       |       |       |       |     3 ||     3
  Use: Scroll            |       |     7 |     5 |     6 |     9 |    10 |       |     3 |    32 ||    72
       Potion            |       |       |       |       |       |       |       |     3 |    40 ||    43
 Stab: Distracted        |       |       |       |       |       |       |       |     2 |     1 ||     3
Armor: Robe              |       |     2 |    12 |       |       |       |       |       |       ||    14
       Steam dragon scal |       |       |     6 |    37 |    28 |       |       |       |       ||    71
       Troll leather arm |       |       |       |       |     4 |    47 |    77 |       |       ||   128
       Leather armour    |       |       |       |       |       |       |    20 |    43 |   309 ||   372
       Skin              |       |       |       |       |       |       |       |       |    98 ||    98
Dodge: Dodged            |       |    16 |    48 |    69 |   122 |   195 |   282 |   267 |  1584 ||  2583
Block: Kite shield       |       |       |       |    39 |   100 |   210 |   410 |   404 |  2260 ||  3423
       Reflection        |       |       |       |       |       |    34 |    93 |    63 |   115 ||   305
       Tower shield      |       |       |       |       |       |       |       |       |   231 ||   231

Table legend: (Time is in decaauts)
 A = Elapsed time spent in this place.
 B = Non-inter-level travel time spent in this place.
 C = Inter-level travel time spent in this place.
 D = Time resting spent in this place.
 E = Time spent auto-exploring this place.
 F = Levels seen in this place.
 G = Mean time per level.
                   A        B        C        D        E       F      G
               +--------+--------+--------+--------+--------+-----+--------+
         Total |  63392 |  59417 |   3975 |   8837 |  29600 | 108 |  587.0 |
       Dungeon |  15137 |  13743 |   1394 |   3536 |   7826 |  15 | 1009.1 |
        Temple |     77 |     68 |      9 |      0 |     48 |   1 |   77.0 |
          Lair |   6019 |   5373 |    646 |   1098 |   3113 |   6 | 1003.2 |
         Swamp |   2011 |   1920 |     91 |      5 |   1358 |   4 |  502.8 |
     Snake Pit |   3469 |   3318 |    151 |    219 |   2214 |   4 |  867.2 |
    Slime Pits |    879 |    812 |     67 |     64 |    173 |   5 |  175.8 |
  Orcish Mines |   1267 |   1116 |    151 |      0 |    765 |   2 |  633.5 |
   Elven Halls |   2939 |   2803 |    136 |    370 |   1427 |   3 |  979.7 |
        Vaults |   6429 |   5925 |    504 |     75 |   3874 |   5 | 1285.8 |
         Crypt |   3298 |   2962 |    336 |    116 |   1955 |   3 | 1099.3 |
          Tomb |   1278 |   1200 |     78 |     78 |    486 |   3 |  426.0 |
        Depths |   4781 |   4375 |    406 |     94 |   2855 |   4 | 1195.2 |
         Abyss |   1442 |   1442 |      0 |     68 |    503 |   4 |  360.5 |
   Pandemonium |  11226 |  11226 |      0 |   1732 |   2373 |  38 |  295.4 |
      Ziggurat |    441 |    441 |      0 |    125 |      0 |   8 |   55.1 |
        Bailey |   1058 |   1058 |      0 |    621 |    254 |   1 | 1058.0 |
      Ice Cave |   1164 |   1164 |      0 |    536 |    177 |   1 | 1164.0 |
      Gauntlet |    467 |    467 |      0 |    100 |    197 |   1 |  467.0 |
               +--------+--------+--------+--------+--------+-----+--------+

Top non-repeatable levels by time:
  Lair:2: 1609 daAuts
     D:5: 1604 daAuts
Vaults:5: 1524 daAuts
     D:6: 1512 daAuts
  Lair:6: 1457 daAuts
 Crypt:1: 1413 daAuts
Depths:2: 1355 daAuts
Vaults:3: 1344 daAuts
Vaults:4: 1304 daAuts
     D:9: 1299 daAuts
Vaults:1: 1236 daAuts
     D:8: 1201 daAuts
    D:10: 1189 daAuts
Depths:1: 1178 daAuts
Depths:4: 1172 daAuts
